 Dungeon Crawl Stone Soup version 0.28.0-53-g5a82cb258f (webtiles) character file.

Game seed: 14453805565371133732

3955 MilanorTSW the Covert (level 10, 0/44 HPs)
             Began as a Spriggan Enchanter on June 15, 2022.
             Was a Follower of Ashenzari.
             Killed from afar by an electric eel (12 damage)
             ... with a bolt of electricity
             ... on level 8 of the Dungeon.
             The game lasted 00:36:46 (9627 turns).

MilanorTSW the Covert (Spriggan Enchanter)          Turns: 9627, Time: 00:36:47

Health: 0/44       AC:  9    Str:  6    XL:     10   Next: 2%
Magic:  22/22      EV: 19    Int: 20    God:    Ashenzari [*.....]
Gold:   248        SH:  0    Dex: 15    Spells: 9/24 levels left

rFire   + . .      SeeInvis +   F - +2 rapier (venom)
rCold   . . .      Faith    .   (no shield)
rNeg    . . .      Spirit   .   B - +0 troll leather armour
rPois   .          Reflect  .   (helmet restricted)
rElec   .          Harm     .   m - +0 cloak of Supernal Gnosis {Cun, Fort} (curse)
rCorr   .          Rampage  .   (gloves unavailable)
Will    +....                   (boots unavailable)
Stlth   ++++......              j - amulet of Panopticon {RegenMP rF+, Range, Bglg} (curse)
HPRegen 0.94/turn               d - +4 ring of protection
MPRegen 0.58/turn               l - ring of wizardry

@: very quick
A: very small, no large weapons, unfitting armour, see invisible, speed 3
a: Renounce Religion, Shatter the Chains


You were on level 8 of the Dungeon.
You worshipped Ashenzari.
Ashenzari was aware of your devotion.
You visited 2 branches of the dungeon, and saw 10 of its levels.

You collected 416 gold pieces.
You spent 168 gold pieces at shops.

Inventory:

Hand Weapons
 a - a +2 dagger
 s - a +6 flail of protection
 C - a +0 rapier of flaming
 F - a +2 rapier of venom (weapon)
Armour
 b - a +0 robe
 m - the cursed +0 cloak of Supernal Gnosis (worn) {Cun, Fort}
   (You found it on level 3 of the Dungeon)

   It has a curse which improves the following skills: Cunning: Dodging and
   Stealth.
   Fortitude: Armour and Shields.
 B - a +0 troll leather armour (worn)
Jewellery
 d - a +4 ring of protection (left hand)
 j - the cursed amulet of Panopticon (around neck) {RegenMP rF+, Range, Bglg}
   (You acquired it in the Ecumenical Temple)

   [amulet of magic regeneration]

   It increases your rate of magic regeneration.
   rF:        It protects you from fire.
   It has a curse which improves the following skills: Ranged Combat: Slings,
   Bows, Crossbows and Throwing.
   Beguiling: Conjurations, Hexes and Translocations.
 l - a ring of wizardry (right hand)
 o - a ring of protection from fire
 u - a ring of protection from fire
 E - an amulet of guardian spirit
Wands
 p - a wand of iceblast (26)
 r - a wand of polymorph (3)
Scrolls
 k - a scroll of fog
 n - 2 scrolls of blinking
 q - a scroll of noise
 v - 3 scrolls of teleportation
 x - a scroll of silence
 y - a scroll of summoning
 D - a scroll of identify
Potions
 c - a potion of invisibility
 e - 5 potions of haste
 f - 2 potions of degeneration
 g - 4 potions of lignification
 h - 3 potions of curing
 i - a potion of attraction
 t - 2 potions of brilliance
 w - a potion of heal wounds
 z - 2 potions of flight
 A - 2 potions of ambrosia


   Skills:
 + Level 6.4 Short Blades
 + Level 5.3(6.2) Dodging
 + Level 10.2(11.0) Stealth
 + Level 7.6 Spellcasting
 + Level 3.5(4.3) Conjurations
 + Level 7.9(8.8) Hexes
 + Level 4.5 Ice Magic


You had 9 spell levels left.
You knew the following spells:

 Your Spells              Type           Power      Damage    Failure   Level
a - Ensorcelled Hibernat  Hex/Ice        68%        N/A       1%          2
b - Confusing Touch       Hex            42%        N/A       1%          3
c - Tukima's Dance        Hex            42%        N/A       1%          3
d - Dazzling Flash        Conj/Hex       66%        N/A       1%          3
e - Cause Fear            Hex            21%        N/A       1%          4

Your spell library contained the following spells:

 Spells                   Type           Power      Damage    Failure   Level
 Inner Flame              Hex/Fire       25%        N/A       2%          3
 Corpse Rot               Necr/Air       14%        N/A       9%          2
 Dispel Undead            Necr           7%         3d8       45%         4
 Death Channel            Necr           3%         N/A       100%        6
 Discord                  Hex            21%        N/A       100%        8


Dungeon Overview and Level Annotations

Branches:
Dungeon (9/15)             Temple (1/1) D:7
   Lair: D:8-11         Orc: D:9-12

Altars:
Ashenzari
Cheibriados
Dithmenos
Elyvilon
Fedhas
Gozag
Hepliaklqana
Kikubaaqudgha
Makhleb
Nemelex Xobeh
Qazlal
Ru
Sif Muna
Trog
Uskayaw
Vehumet
Wu Jian
Xom
Yredelemnul
Zin
The Shining One

Shops:
D:8 (

Annotations:
D:3 2 runed translucent doors, Crazy Yiuf; Sin92's ghost, amateur DsFi
D:4 Eustachio
D:7 3 exclusions


Innate Abilities, Weirdness & Mutations

You are very small and have problems with some larger weapons.
You are too small for most types of armour.
You have supernaturally acute eyesight. (SInv)
You cover ground extremely quickly. (Speed+++)


Message History

The poisoned dart closely misses the electric eel.
You hear a splash.
Throw: 3 darts (poison)
Press: ? - help, Q - select action, (/) - cycle Shift-Dir - straight line, f/p - electric eel
Aim: an electric eel (38% to hit)
You throw a poisoned dart.
The poisoned dart hits the electric eel.
The electric eel is poisoned.
You hear a splash.
Throw: 2 darts (poison)
Press: ? - help, Q - select action, (/) - cycle Shift-Dir - straight line, f/p - electric eel
Aim: an electric eel (water, poisoned, 38% to hit)
You throw a poisoned dart.
The poisoned dart closely misses the electric eel.
You hear a splash.
The electric eel shoots out a bolt of lightning at you!
The bolt of electricity hits you!
Throw: dart (poison)
Press: ? - help, Q - select action, (/) - cycle Shift-Dir - straight line, f/p - electric eel
Aim: an electric eel (water, lightly wounded, poisoned, 38% to hit)
You throw a poisoned dart.
The poisoned dart closely misses the electric eel.
The electric eel shoots out a bolt of lightning at you!
The bolt of electricity misses you.
The electric eel looks more healthy.
The electric eel shoots out a bolt of lightning at you!
The bolt of electricity hits you.
You closely miss the electric eel.
The electric eel is lightly wounded.
You hit the electric eel but do no damage.
The electric eel is lightly wounded.
You hit the electric eel.
The electric eel is poisoned.
The electric eel is moderately wounded.
You barely miss the electric eel.
The electric eel is moderately wounded.
The electric eel shoots out a bolt of lightning at you!
The bolt of electricity hits you!
* * * LOW HITPOINT WARNING * * *
The bolt of electricity hits you!
You die...

####≈≈≈#.#.......# #.#.#
#≈≈≈#.######..# #.#.#
##≈≈≈#.# #.[# ##.#.#
##≈≈≈≈≈.######..###...>#
#.≈≈≈≈≈................#
...≈≈≈≈≈...#.##..###....#
..#.#####....##..........
............##..[.).....
.#.####@...###.#..).....
.?≈≈≈≈S...####.####....#
#.≈≈≈≈≈.#####.#.###....#
##≈≈≈≈≈## #.###.......#
##≈≈≈# ##.#.####.### #≈≈≈
##.## #.# #≈≈≈
#.#####.### ##≈#
#<......... ###########


You could see an electric eel (very poisoned).

Vanquished Creatures
  A gargoyle (D:8)
  A troll (D:6)
  A polar bear (D:8)
  Sigmund (D:3)
  2 wyverns
  Edmund (D:4)
  2 water moccasins
  2 black bears (D:8)
  4 ice beasts
  3 necrophages
  2 ogres
  3 centaurs
  A wolf (D:8)
  A kobold brigand (D:6)
  A bullfrog (D:8)
  2 scorpions (D:5)
  A gnoll sergeant (D:8)
  4 killer bees (D:6)
  A howler monkey (D:3)
  A crimson imp (D:6)
  A centaur zombie (D:5)
  A jelly (D:5)
  A centaur skeleton (D:7)
  2 hounds
  An orc priest (D:8)
  3 iguanas
  Ijyb (D:3)
  An orc wizard (D:7)
  A killer bee zombie (D:8)
  A centaur simulacrum (D:8)
  Robin (D:3)
  4 gnolls (D:8)
  8 adders
  2 shadow imps
  3 white imps (D:8)
  4 ufetubi
  An adder skeleton (D:4)
  3 worms
  13 orcs
  9 bats
  5 endoplasms
  A giant cockroach (D:3)
  5 goblins
  10 hobgoblins
  14 jackals
  A quokka (D:1)
  A ball python (D:3)
  2 frilled lizards
  10 kobolds
  4 rats
149 creatures vanquished.

Vanquished Creatures (collateral kills)
  3 goblins (D:3)
3 creatures vanquished.

Vanquished Creatures (others)
  3 dancing weapons
  A ball python (D:3)
  3 fungi (D:3)
  11 plants (D:2)
  2 withered plants (D:3)
20 creatures vanquished.

Grand Total: 172 creatures vanquished

Notes
Turn   | Place    | Note
-------+----------+-------------------------------------------
     0 | D:1      | MilanorTSW the Spriggan Enchanter began the quest for the
                  | Orb.
     0 | D:1      | Reached XP level 1. HP: 9/9 MP: 5/5
   379 | D:1      | Reached XP level 2. HP: 13/13 MP: 6/6
   404 | D:1      | Learned a level 2 spell: Ensorcelled Hibernation
   886 | D:1      | Found a faded altar of an unknown god.
  1329 | D:2      | Reached XP level 3. HP: 16/16 MP: 5/8
  1333 | D:2      | Learned a level 3 spell: Confusing Touch
  1337 | D:2      | Learned a level 3 spell: Tukima's Dance
  1806 | D:2      | Reached skill level 5 in Stealth
  2256 | D:3      | Reached XP level 4. HP: 21/21 MP: 2/10
  2359 | D:3      | Noticed Sigmund
  2365 | D:3      | Killed Sigmund
  2366 | D:3      | Reached skill level 1 in Ice Magic
  2366 | D:3      | Reached XP level 5. HP: 21/24 MP: 6/11
  2712 | D:3      | Noticed Robin
  2830 | D:3      | Killed Robin
  2831 | D:3      | Reached XP level 6. HP: 28/28 MP: 5/13
  3037 | D:3      | Found a runed translucent door.
  3038 | D:3      | Noticed Crazy Yiuf
  3160 | D:3      | Noticed Ijyb
  3167 | D:3      | Killed Ijyb
  3168 | D:3      | Reached skill level 6 in Stealth
  3216 | D:3      | Found a radiant altar of Vehumet.
  3308 | D:3      | Found a stormy altar of Qazlal.
  3405 | D:3      | Found a runed translucent door.
  3405 | D:3      | Noticed Sin92's ghost (amateur DsFi)
  3584 | D:4      | Noticed Edmund
  3621 | D:4      | Killed Edmund
  3622 | D:4      | Reached skill level 5 in Hexes
  3622 | D:4      | Reached XP level 7. HP: 32/32 MP: 3/14
  3914 | D:4      | Learned a level 3 spell: Dazzling Flash
  4189 | D:4      | Noticed Eustachio
  4687 | D:5      | Entered Level 5 of the Dungeon
  4717 | D:5      | Noticed a wyvern
  4724 | D:5      | Killed a wyvern
  4725 | D:5      | Reached skill level 5 in Dodging
  4879 | D:5      | Reached skill level 7 in Stealth
  5145 | D:5      | Found a basalt altar of Yredelemnul.
  5145 | D:5      | Found a glowing golden altar of the Shining One.
  5153 | D:5      | Found a faded altar of an unknown god.
  5155 | D:5      | Found a shimmering altar of Xom.
  5157 | D:5      | Found a faded altar of an unknown god.
  5362 | D:5      | Reached skill level 5 in Spellcasting
  5633 | D:5      | Reached skill level 1 in Conjurations
  5633 | D:5      | Reached XP level 8. HP: 36/36 MP: 16/16
  6127 | D:5      | Learned a level 4 spell: Cause Fear
  6179 | D:6      | Identified the +3 scale mail of Ethrigapu {-Cast Will+++
                  | Str+3}
  6520 | D:6      | Reached skill level 8 in Stealth
  6677 | D:6      | Noticed a troll
  6680 | D:6      | Killed a troll
  6681 | D:6      | Reached skill level 5 in Short Blades
  6715 | D:6      | Found a burning altar of Makhleb.
  7139 | D:6      | Reached XP level 9. HP: 22/39 MP: 10/19
  7293 | D:7      | Reached skill level 9 in Stealth
  7499 | D:7      | Found a staircase to the Ecumenical Temple.
  7505 | Temple   | Entered the Ecumenical Temple
  7559 | Temple   | Identified a scroll of acquirement
  7559 | Temple   | Acquired the amulet of Yhibekeno {RegenMP rF+}
  7597 | Temple   | Became a worshipper of Ashenzari the Shackled
  8381 | D:7      | Found a shimmering blue altar of Sif Muna.
  8537 | D:8      | Noticed a polar bear
  8562 | D:8      | Killed a polar bear
  8600 | D:8      | Noticed a +0 dagger
  8601 | D:8      | Noticed a +0 hand axe
  8604 | D:8      | Found a hide-covered altar of Uskayaw.
  8632 | D:8      | Found a bloodstained altar of Trog.
  8953 | D:8      | Found Ekunom's Antique Weapon Shoppe.
  8959 | D:8      | Bought a glowing rapier for 168 gold pieces
  8974 | D:8      | Reached * piety under Ashenzari
  9015 | D:8      | Reached skill level 10 in Stealth
  9221 | D:8      | Noticed a gargoyle
  9231 | D:8      | Found a hazy altar of Hepliaklqana.
  9237 | D:8      | Killed a gargoyle
  9239 | D:8      | Found a faded altar of an unknown god.
  9303 | D:8      | Reached XP level 10. HP: 39/44 MP: 12/22
  9355 | D:8      | Identified the +1 pair of gloves "Voqomij" {rPois Regen+
                  | Str-5 Int+2}
  9355 | D:8      | Identified Sif Muna's Reference Book on Transmutation
  9627 | D:8      | Killed from afar by an electric eel

Illustrated notes

Levels and vault maps discovered:
D:1:      saegor_arrival_miasma, layout_basic,
          ebering_ecumenical_altar_petrified, minmay_tromino_v4_c
D:2:      layout_basic, serial_bayou_lagoon_a,
          nicolae_concentric_dashed_squares_wild
D:3:      layout_loops_cross, nicolae_vehumet_altar_sigil, grunt_qazlal_clouds,
          gammafunk_ghost_grave, minmay_misc_feat_ornament,
          uniq_crazy_yiuf_cottage, uniq_ijyb, uniq_robin, uniq_sigmund
D:4:      layout_basic, uniq_eustachio, uniq_edmund
D:5:      layout_basic, chequers_temple_overflow_minitemple
D:6:      layout_loops_corners, makhleb_grotto_becter
D:7:      layout_basic, led_sif_book, minmay_temple_entry_enclosed_plants,
          minmay_crossroads
D:8:      layout_loops_ring, beargit_hepliaklqana_dungeon_heroes,
          trog_ov_bears_minmay, dancing_weapons_uskayaw, serial_shops,
          nicolae_shop_hallway_plus, serial_ice, serial_ice_h, serial_ice_n,
          serial_ice_l, serial_ice_m
D:9:      layout_basic, mainiacjoe_overflow_boulevard
Temple:   minmay_temple_curvy_loop

Skill      XL: |  1  2  3  4  5  6  7  8  9 |
---------------+----------------------------+-----
Dodging        | 3 4 5 |  5.3
Spellcasting   | 3 4 5 6 7 |  7.6
Hexes          | 4 5 6 7 |  7.9
Stealth        | 5 6 7 8 10 | 10.2
Short Blades   | 2 3 4 5 6 |  6.4
Ice Magic      | 1 2 3 4 |  4.5
Conjurations   | 1 2 3 |  3.5

Action                   |  1- 3 |  4- 6 |  7- 9 | 10-12 || total
-------------------------+-------+-------+-------+-------++-------
Melee: Dagger            |   140 |    69 |   271 |       ||   480
       Punch             |     1 |     2 |     1 |       ||     4
       Rapier            |       |       |    45 |     4 ||    49
Throw: Dart              |       |       |       |     8 ||     8
 Cast: Ensorcelled Hiber |    33 |    25 |    69 |     3 ||   130
       Tukima's Dance    |       |     9 |       |       ||     9
       Dazzling Flash    |       |       |    15 |       ||    15
       Confusing Touch   |       |       |    21 |       ||    21
Invok: Curse Item        |       |       |     2 |       ||     2
  Use: Scroll            |       |       |    19 |       ||    19
 Stab: Sleeping          |    26 |    21 |    48 |       ||    95
       Distracted        |       |     1 |       |       ||     1
       Confused          |       |       |    22 |       ||    22
       Invisible         |       |       |     7 |       ||     7
Armor: Robe              |    41 |    16 |     9 |       ||    66
       Skin              |       |    15 |     3 |       ||    18
       Troll leather arm |       |       |    59 |       ||    59
Dodge: Dodged            |   144 |    46 |   323 |     2 ||   515
